 Dungeon Crawl Stone Soup version 0.24.0-28-g17ded55e90 (webtiles) character file.

Game seed: 9874646484181615923, levelgen mode: deterministic

81 DavidChitty2 the Firebug (level 4, -2/36 HPs)
             Began as a Draconian Fire Elementalist on Nov 11, 2019.
             Slain by Robin
             ... wielding a +0 spear
              (4 damage)
             ... on level 3 of the Dungeon.
             The game lasted 00:05:27 (3099 turns).

DavidChitty2 the Firebug (DrFE)                     Turns: 3099, Time: 00:05:28

Health: -2/36      AC:  5    Str: 11    XL:     4   Next: 20%
Magic:  2/7        EV: 12    Int: 16    God:
Gold:   169        SH:  0    Dex: 11    Spells: 2/8 levels left

rFire    . . .     SeeInvis .   b - +0 hunting sling
rCold    . . .     Gourm    .   (no shield)
rNeg     . . .     Faith    .   (armour unavailable)
rPois    .         Spirit   .   (helmet restricted)
rElec    .         Reflect  .   (no cloak)
rCorr    .         Harm     .   (no gloves)
MR       .....                  (no boots)
Stlth    ++........             (no amulet)
HPRegen  0.12/turn              (no ring)
MPRegen  0.10/turn              (no ring)

@: about to teleport
A: unfitting armour, cold-blooded, AC +5
a: no special abilities


You were on level 3 of the Dungeon.
You were not hungry.

You visited 1 branch of the dungeon, and saw 3 of its levels.

You collected 169 gold pieces.

Inventory:

Hand Weapons
 a - a +0 dagger
   (You took it off a goblin on level 1 of the Dungeon)
 b - a +0 hunting sling (weapon)
   (You took it off a goblin on level 2 of the Dungeon)
Missiles
 d - 14 sling bullets
 l - 75 stones (quivered)
Scrolls
 c - a scroll of identify {unknown}
 f - 2 scrolls of teleportation {@r4}
 o - a scroll of magic mapping {unknown}
Potions
 g - a potion of brilliance {unknown}
 h - 2 potions of curing {unknown}
 i - 3 potions of lignification {unknown}
 j - a potion of haste {unknown}
 k - a potion of berserk rage {unknown}
 m - a potion of agility {unknown}
Comestibles
 e - 2 rations {!d}


   Skills:
 + Level 1.6 Fighting
 - Level 1.7 Dodging
 - Level 1.7 Stealth
 + Level 2.5 Spellcasting
 + Level 1.9 Conjurations
 * Level 3.9 Fire Magic


You had 2 spell levels left.
You knew the following spells:

 Your Spells              Type           Power        Failure   Level  Hunger
a - Flame Tongue          Conj/Fire      ##...        6%          1    #......
d - Conjure Flame         Conj/Fire      ##......     17%         3    ###....
x - Throw Flame           Conj/Fire      ##....       9%          2    ##.....

Your spell library contained the following spells:

 Spells                   Type           Power        Failure   Level  Hunger
 Inner Flame              Hex/Fire       #.......     26%         3    ###....
 Sticky Flame             Conj/Fire      ##......     50%         4    #####..
 Fireball                 Conj/Fire      ##........   85%         5    ######.


Dungeon Overview and Level Annotations

Branches:
Dungeon (3/15)

Altars:
Gozag
Makhleb
The Shining One

Annotations:
D:2 exclusion: downstairs
D:3 Robin


Innate Abilities, Weirdness & Mutations

Your plain brown scales are hard. (AC +5)
You cannot fit into any form of body armour.
You are cold-blooded and may be slowed by cold attacks.


Message History

Robin says, "My goblins will feast on your bones."
Robin hits you but does no damage. The goblin barely misses you.
Robin barely misses you.
Firing (i - inventory. (/) - cycle)
l - 82 stones (quivered)
Aim: Robin, wielding a +0 spear, wearing a +0 animal skin and wearing a +0 helmet You shoot a stone.
The stone hits Robin!
The goblin barely misses you. Robin hits you but does no damage.
The goblin barely misses you.
Firing (i - inventory. (/) - cycle)
l - 81 stones (quivered)
Aim: Robin, wielding a +0 spear, wearing a +0 animal skin and wearing a +0 helmet (heavily wounded)
You shoot a stone. The stone hits Robin.
Robin hits you but does no damage. The goblin hits you but does no damage.
Firing (i - inventory. (/) - cycle)
l - 80 stones (quivered)
Aim: Robin, wielding a +0 spear, wearing a +0 animal skin and wearing a +0 helmet (almost dead)
You shoot a stone. The stone barely misses Robin.
The stone barely misses the hobgoblin.
The stone hits the hobgoblin.
The hobgoblin no longer looks unusually strong.
Robin hits you with a +0 spear. The goblin hits you.
* * * LOW HITPOINT WARNING * * *
Firing (i - inventory. (/) - cycle)
l - 79 stones (quivered)
Aim: Robin, wielding a +0 spear, wearing a +0 animal skin and wearing a +0 helmet (almost dead)
You shoot a stone.
The stone hits Robin but does no damage.
Robin hits you but does no damage. The goblin barely misses you.
Firing (i - inventory. (/) - cycle)
l - 78 stones (quivered)
Aim: Robin, wielding a +0 spear, wearing a +0 animal skin and wearing a +0 helmet (almost dead)
You shoot a stone. The stone barely misses Robin.
The stone barely misses the hobgoblin.
The stone hits the hobgoblin.
You kill the hobgoblin!
Robin roars a battlecry!
The hobgoblin goes into a battle-frenzy!
The goblin hits you.
* * * LOW HITPOINT WARNING * * *
Robin misses you.
Firing (i - inventory. (/) - cycle)
l - 77 stones (quivered)
Aim: Robin, wielding a +0 spear, wearing a +0 animal skin and wearing a +0 helmet (almost dead)
You shoot a stone. The stone barely misses Robin.
The stone hits the hobgoblin but does no damage.
The goblin barely misses you. Robin hits you but does no damage.
The goblin barely misses you.
Firing (i - inventory. (/) - cycle)
l - 76 stones (quivered)
Aim: Robin, wielding a +0 spear, wearing a +0 animal skin and wearing a +0 helmet (almost dead)
You shoot a stone. The stone closely misses Robin.
The stone hits the hobgoblin.
Robin hits you with a +0 spear.
* * * LOW HITPOINT WARNING * * *
The goblin hits you.
* * * LOW HITPOINT WARNING * * *
As you read the scroll labeled GIATRA GEIMIFI, it crumbles to dust.
You feel strangely unstable.
It was a scroll of teleportation.
Robin hits you with a +0 spear.
You die...

.)......#
....##?##
###.$....####
.....)......#
.......!.##.###
#......l...).)#
$...##.###g#.#
. #.# #g#)#
#.###@#(#
#..SgS#l#
###l.##g#
........#
8....(8.(#
...........#
...........#
>..........#
....>......#


You could see Robin, 2 adders, a leopard gecko, a hobgoblin and a goblin.

Vanquished Creatures
  3 adders (D:2)
  An ooze (D:2)
  A worm (D:2)
  5 hobgoblins
  6 jackals
  5 kobolds (D:1)
  2 bats (D:1)
  5 frilled lizards
  14 goblins
  3 rats
45 creatures vanquished.

Notes
Turn   | Place    | Note
-------+----------+-------------------------------------------
     0 | D:1      | DavidChitty2 the Draconian Fire Elementalist began the
                  | quest for the Orb.
     0 | D:1      | Reached XP level 1. HP: 14/14 MP: 3/3
   259 | D:1      | You fall into a shaft and drop 1 floor!
   313 | D:1      | Reached XP level 2. HP: 22/22 MP: 1/5
   458 | D:1      | Learned a level 2 spell: Throw Flame
   993 | D:1      | Reached skill level 1 in Fighting
  1339 | D:2      | Found an opulent altar of Gozag.
  1384 | D:2      | Found a glowing golden altar of the Shining One.
  1569 | D:2      | Reached XP level 3. HP: 28/28 MP: 2/6
  1631 | D:2      | Learned a level 3 spell: Conjure Flame
  2325 | D:2      | Reached XP level 4. HP: 32/35 MP: 0/7
  2409 | D:2      | Found a burning altar of Makhleb.
  3044 | D:3      | Noticed Robin
  3099 | D:3      | Slain by Robin

Levels and vault maps discovered:
D:1:      giann_bridges, layout_basic, minmay_misc_feat_alley
D:2:      layout_loops_ring, tso_metal_star, makhleb_grotto_becter,
          nicolae_gozag_seed_capital
D:3:      layout_loops_ring, st_stairs_1, uniq_terence, uniq_robin

Skill      XL: |  1  2 |
---------------+-------+-----
Fighting       | 1 |  1.6
Dodging        | |  1.7
Stealth        | |  1.7
Spellcasting   | |  2.5
Conjurations   | |  1.9
Fire Magic     | |  3.9

Action                   |  1- 3 |  4- 6 || total
-------------------------+-------+-------++-------
Melee: Unarmed           |     6 |       ||     6
       Dagger            |    37 |   118 ||   155
       Tailslap          |     2 |    11 ||    13
 Fire: Hunting sling     |     2 |    42 ||    44
 Cast: Flame Tongue      |    42 |       ||    42
       Throw Flame       |    13 |       ||    13
       Conjure Flame     |       |     3 ||     3
  Use: Scroll            |       |     1 ||     1
  Eat: Chunk             |     6 |       ||     6
       Ration            |       |     1 ||     1
Armor: Skin              |     8 |    50 ||    58
Dodge: Dodged            |    42 |    83 ||   125
